 Dungeon Crawl Stone Soup version 0.20.1-1-g8b1a95d66d (webtiles) character file.

255 Ivernyr the Ogre Mage (level 6, -1/61 HPs)
             Began as an Ogre Wizard on Dec 16, 2017.
             Killed by nerve-wracking pain
             ... invoked by Grinder
              (14 damage)
             ... while paralysed by Grinder
             ... on level 3 of the Dungeon.
             The game lasted 00:15:10 (5305 turns).

Ivernyr the Ogre Mage (Ogre Wizard)                 Turns: 5305, Time: 00:15:11

Health: -1/61      AC:  3    Str: 12    XL:     6   Next: 15%
Magic:  4/14       EV:  1    Int: 21    God:
Gold:   134        SH:  0    Dex:  7    Spells: 7/16 levels left

rFire    . . .     SeeInvis .   (no weapon)
rCold    + . .     Gourm    .   (no shield)
rNeg     . . .     Faith    .   a - +0 robe
rPois    .         Spirit   .   b - +0 hat
rElec    .         Reflect  .   (no cloak)
rCorr    .         Harm     .   (gloves unavailable)
MR       .....                  (boots unavailable)
Stlth    +.........             (no amulet)
Regen    0.2/turn               j - ring of protection from cold
MPRegen  0.2/turn               (no ring)

@: paralysed
A: unfitting armour, tough skin 1
a: no special abilities


You were on level 3 of the Dungeon.
You were not hungry.

You visited 1 branch of the dungeon, and saw 3 of its levels.

You collected 134 gold pieces.

Inventory:

Missiles
 k - 43 arrows
Armour
 a - a +0 robe (worn)
 b - a +0 hat (worn)
Jewellery
 j - a ring of protection from cold (left hand)
Wands
 q - a wand of paralysis (8/24)
Scrolls
 e - 2 scrolls of amnesia {unknown}
 f - a scroll of enchant armour {unknown}
 h - 7 scrolls of identify {unknown}
 l - a scroll of remove curse {unknown}
 m - a scroll of recharging {unknown}
 s - a scroll of teleportation {unknown}
 t - a scroll of blinking {unknown}
Potions
 i - a potion of agility {unknown}
 o - 2 potions of heal wounds {unknown}
 p - a potion of curing {unknown}
 r - a potion of flight {unknown}
Books
 c - a book of Minor Magic

   Spells                             Type                      Level
   a - Magic Dart                     Conjuration                  1
   b - Blink                          Translocation                2
   c - Call Imp                       Summoning                    2
   d - Slow                           Hexes                        2
   e - Conjure Flame                  Conjuration/Fire             3
   f - Mephitic Cloud                 Conjuration/Poison/Air       3
Comestibles
 d - 3 bread rations
 g - 2 royal jellies
 n - 4 meat rations


   Skills:
 + Level 3.1 Fighting
 - Level 2.0 Dodging
 - Level 1.4 Stealth
 * Level 5.8 Spellcasting
 + Level 2.8 Conjurations
   Level 0.8 Summonings
 - Level 0.8 Translocations


You had 7 spell levels left.
You knew the following spells:

 Your Spells              Type           Power        Failure   Level  Hunger
a - Magic Dart            Conj           ###.         3%          1    None
b - Blink                 Tloc           N/A          11%         2    None
c - Conjure Flame         Conj/Fire      ##......     17%         3    ##.....
d - Mephitic Cloud        Conj/Pois/Air  ##......     21%         3    ##.....


Dungeon Overview and Level Annotations

Branches:
Dungeon (3/15)

Altars:
Gozag
Trog
Yredelemnul

Annotations:
D:3 Grinder


Innate Abilities, Weirdness & Mutations

You are too large for most types of armour.
You have tough skin. (AC +1)


Message History

Casting: Magic Dart
Confirm with . or Enter, or press ? or * to list all spells.
Aiming: Magic Dart
Press: ? - help, Shift-Dir - straight line, f/p - Grinder
Aim: Grinder (heavily wounded)
The magic dart hits Grinder.
Grinder is severely wounded.
Grinder gestures at you.
You suddenly lose the ability to move!
Grinder gestures at you.
You shrug off the repeated paralysis!
Grinder hits you!
You writhe in agony.
Grinder hits you. Grinder hits you.
* * * LOW HITPOINT WARNING * * *
You writhe in agony.
* * * LOW HITPOINT WARNING * * *
Grinder gestures at you. Pain shoots through your body!
You die...

........# #.........############
........# #................. #
........# #................. ##
♣.♣.....# #................. #.
........####.........######## #.
♣.♣.....#............# #.
........#............############
♣.♣..........###5####.........# #
.............# #@# #.........# #
.............# #.# #.........# #
########.....# #.# #.........# #
.# ##....###.# #.........### .#
#....'.....##............
.########....###.#...............
.........)...###.#####...........
#####............................
.........##'####.#...............


You could see Grinder.

Vanquished Creatures
  The ghost of tehanu the Slasher, an amateur MiBe of Trog (D:3)
  5 adders
  2 oozes
  5 worms (D:2)
  2 dart slugs (D:3)
  5 leopard geckos
  An orc (D:3)
  4 ball pythons
  2 giant cockroaches
  9 goblins
  10 hobgoblins
  10 jackals
  2 quokkas (D:3)
  8 bats
  4 frilled lizards
  12 kobolds
  7 rats
  A spectral orc (D:3)
90 creatures vanquished.

Notes
Turn   | Place    | Note
-------+----------+-------------------------------------------
     0 | D:1      | Ivernyr the Ogre Wizard began the quest for the Orb.
     0 | D:1      | Reached XP level 1. HP: 16/16 MP: 5/5
    36 | D:1      | Reached skill level 1 in Conjurations
   243 | D:1      | Reached XP level 2. HP: 12/24 MP: 2/6
   284 | D:1      | Learned a level 2 spell: Blink
   799 | D:1      | Reached skill level 4 in Spellcasting
   852 | D:1      | HP: 1/26 [jackal (2)]
   857 | D:1      | Reached skill level 1 in Fighting
  1148 | D:1      | Reached XP level 3. HP: 33/33 MP: 6/8
  1171 | D:1      | Learned a level 3 spell: Conjure Flame
  1175 | D:1      | Learned a level 3 spell: Mephitic Cloud
  2110 | D:2      | Reached XP level 4. HP: 42/42 MP: 5/10
  3694 | D:3      | Noticed tehanu's ghost (amateur MiBe)
  3783 | D:3      | Reached skill level 5 in Spellcasting
  3783 | D:3      | Reached XP level 5. HP: 49/49 MP: 4/12
  4021 | D:3      | Paralysed by a hobgoblin for 5 turns
  4263 | D:3      | Noticed Grinder
  4317 | D:3      | Found a basalt altar of Yredelemnul.
  4944 | D:3      | Killed tehanu's ghost
  4944 | D:3      | Reached XP level 6. HP: 28/61 MP: 10/14
  5254 | D:3      | Found a bloodstained altar of Trog.
  5257 | D:3      | Found an opulent altar of Gozag.
  5300 | D:3      | Paralysed by Grinder for 6 turns
  5305 | D:3      | Killed from afar by Grinder

Skill      XL: |  1  2  3  4  5 |
---------------+----------------+-----
Conjurations   | 1 2 |  2.8
Dodging        | 2 |  2.0
Spellcasting   | 4 5 |  5.8
Fighting       | 1 2 3 |  3.1
Stealth        | |  1.4
Summonings     | |  0.8
Translocations | |  0.8

Action                   |  1- 3 |  4- 6 || total
-------------------------+-------+-------++-------
Melee: Unarmed           |    51 |    26 ||    77
 Cast: Magic Dart        |    87 |   188 ||   275
       Conjure Flame     |       |     4 ||     4
  Eat: Chunk             |     4 |     9 ||    13
Armor: Robe              |    34 |    23 ||    57
Dodge: Dodged            |    36 |    25 ||    61
